 Dungeon Crawl Stone Soup version 0.28-a0-268-g3f656e82c2 (webtiles) character file.

Game seed: 13063818004572381865

165 Argons the Cudgeller (level 5, 0/51 (54) HPs)
             Began as an Ogre Abyssal Knight on Aug 28, 2021.
             Was a Priest of Lugonu.
             Slain by a necrophage (2 damage)
             ... on level 3 of the Dungeon.
             The game lasted 00:20:45 (4406 turns).

Argons the Cudgeller (Ogre Abyssal Knight)          Turns: 4406, Time: 00:20:46

HP:   0/51 (54)     AC:  3    Str: 17    XL:     5   Next: 46%
MP:   7/7           EV:  9    Int: 13    God:    Lugonu [***...]
Gold: 77            SH:  0    Dex:  8    Spells: 4/4 levels left

rFire   . . .      SeeInvis .   a - +1 mace
rCold   . . .      Faith    .   (no shield)
rNeg    . . .      Spirit   .   b - +0 robe
rPois   +          Reflect  .   (helmet restricted)
rElec   .          Harm     .   (no cloak)
rCorr   .          Rampage  .   (gloves unavailable)
Will    .....                   (boots unavailable)
Stlth   +.........              (no amulet)
HPRegen 0.17/turn               g - ring of poison resistance
MPRegen 0.10/turn               (no ring)

@: drained
A: large, unfitting armour, tough skin 1
a: Renounce Religion, Depart the Abyss, Bend Space, Banish


You were on level 3 of the Dungeon.
You worshipped Lugonu.
Lugonu was most pleased with you.
You visited 1 branch of the dungeon, and saw 4 of its levels.
You visited the Abyss 1 time.
You also visited: Sewer.

You collected 77 gold pieces.

Inventory:

Hand Weapons
 a - a +1 mace (weapon)
Armour
 b - a +0 robe (worn)
Jewellery
 g - a ring of poison resistance (left hand)
Potions
 e - a potion of haste {unknown}
 i - a potion of curing {unknown}


   Skills:
 - Level 4.0 Fighting
 + Level 4.4 Maces & Flails
 - Level 2.1 Dodging
 + Level 3.3 Invocations


You had 4 spell levels left.
You didn't know any spells.
Your spell library contained the following spells:

 Spells                   Type           Power      Damage    Failure   Level
 Conjure Flame            Conj/Fire      0%         6-21      67%         3
 Ignite Poison            Fire/Tmut/Pois 0%         N/A       67%         3
 Sticky Flame             Conj/Fire      0%         2d3       97%         4


Dungeon Overview and Level Annotations

Branches:
Dungeon (4/15)              Sewer (visited)
 Temple: D:4-7

Altars:
Yredelemnul

Shops:
D:4 :

Annotations:
D:2 Sigmund


Innate Abilities, Weirdness & Mutations

You are too large for most types of armour.
You have tough skin. (AC +1)


Message History

The scorpion barely misses you. The necrophage closely misses you.
A mysterious force pulls you upwards. The hatch slams shut behind you.
You hit the scorpion.
The scorpion is lightly wounded.
The scorpion stings you. The necrophage closely misses you.
You hit the scorpion but do no damage.
The scorpion is lightly wounded.
The scorpion barely misses you. The necrophage barely misses you.
The scorpion stings you but does no damage.
You hit the scorpion but do no damage.
The scorpion is lightly wounded.
The necrophage hits you but does no damage.
The scorpion stings you.
You hit the scorpion.
The scorpion is moderately wounded.
The scorpion stings you! The necrophage hits you.
The scorpion barely misses you.
You hit the scorpion but do no damage.
The scorpion is moderately wounded.
The necrophage closely misses you. The scorpion stings you.
The necrophage hits you.
You feel drained.
You hit the scorpion but do no damage.
The scorpion is moderately wounded.
The scorpion stings you. The necrophage hits you.
* * * LOW HITPOINT WARNING * * *
You hit the scorpion but do no damage.
The scorpion is moderately wounded.
The scorpion barely misses you. The necrophage hits you.
* * * LOW HITPOINT WARNING * * *
You feel drained.
* * * LOW HITPOINT WARNING * * *
The scorpion stings you but does no damage.
It was a potion of cancellation.
You feel magically purged. The necrophage hits you.
* * * LOW HITPOINT WARNING * * *
The scorpion stings you!
* * * LOW HITPOINT WARNING * * *
It was a potion of magic.
Magic courses through your body. The scorpion closely misses you.
The necrophage hits you.
You die...

....#
#####.##...........
....#
#...##.######..
...## ###..#.# #(.
..## ##...# #.. ####
##...## #.. ...##
##..#..## ##. ##..#
#..###..# ###. ##.#
#######.## ##.###...
#.### ####.n@s...#
#..>...##
#...#####....#######
#..#####
###..#....####
#...## ##.#.####
##.#.[### #...#
#..##...## #...###
##.###..... ####
##....## #..# #.....
...###..##..## ##.##
#.....
....#..####..###
#..# #.....


You could see a necrophage and a scorpion.

Vanquished Creatures
  Robin (D:2)
  A hound skeleton (D:4)
  3 gnolls
  2 adders (D:2)
  2 worms
  2 dart slugs (D:3)
  A bat (D:2)
  6 endoplasms
  4 giant cockroaches
  10 goblins
  8 hobgoblins
  2 jackals (D:3)
  8 kobolds
  7 quokkas
  11 ball pythons
  6 frilled lizards
  8 rats
  A spectral orc (D:4)
83 creatures vanquished.

Vanquished Creatures (others)
  8 plants (D:2)
8 creatures vanquished.

Grand Total: 91 creatures vanquished

Notes
Turn   | Place    | Note
-------+----------+-------------------------------------------
     0 | Abyss:1  | Argons the Ogre Abyssal Knight began the quest for the Orb.
     0 | Abyss:1  | Reached XP level 1. HP: 24/24 MP: 2/2
    16 | D:1      | Escaped the Abyss
   361 | D:1      | Reached XP level 2. HP: 32/32 MP: 3/3
   563 | D:1      | Found a faded altar of an unknown god.
   919 | D:1      | Reached XP level 3. HP: 39/39 MP: 4/4
  1190 | D:2      | Reached ** piety under Lugonu
  1724 | D:2      | Reached XP level 4. HP: 39/48 MP: 5/5
  2062 | D:2      | Noticed Robin
  2114 | D:2      | Killed Robin
  2994 | D:3      | Reached XP level 5. HP: 54/54 MP: 7/7
  3076 | D:3      | Reached *** piety under Lugonu
  3186 | D:3      | Found a glowing drain.
  3324 | Sewer    | Entered a sewer
  4135 | D:2      | Noticed Sigmund
  4192 | D:4      | Noticed an ogre
  4212 | D:4      | Found Hysuess's Book Boutique.
  4332 | D:4      | Found a basalt altar of Yredelemnul.
  4366 | D:4      | Noticed a necrophage
  4405 | D:3      | HP: 2/51 [scorpion (8)]
  4406 | D:3      | Slain by a necrophage

Illustrated notes

Levels and vault maps discovered:
D:1:      eino_arrival_druids_welcome, layout_basic,
          shapermc_ecumenical_altar_mp_vishouse, st_stairs_11
D:2:      cheibrodos_old_hovel, layout_basic, minmay_tromino_v4_a, uniq_sigmund,
          uniq_robin
D:3:      layout_rooms, cheibrodos_sewer_entry_drain
D:4:      layout_rooms, yredelemnul_forgotten_temple_becter,
          minmay_temple_entry_mist, serial_shops, shop, nicolae_shop_waterfront,
          nicolae_square_shop, shop, shop

Skill      XL: |  1  2  3  4  5 |
---------------+----------------+-----
Maces & Flails | 2 3 4 |  4.4
Invocations    | 3 |  3.3
Fighting       | |  4.0
Dodging        | |  2.1

Action                   |  1- 3 |  4- 6 || total
-------------------------+-------+-------++-------
Melee: Mace              |   108 |   161 ||   269
Invok: Bend Space        |       |     2 ||     2
  Use: Scroll            |     1 |     2 ||     3
       Potion            |       |     2 ||     2
Armor: Robe              |    20 |    36 ||    56
Dodge: Dodged            |    48 |    63 ||   111

Table legend: (Time is in decaauts)
 A = Elapsed time spent in this place.
 B = Non-inter-level travel time spent in this place.
 C = Inter-level travel time spent in this place.
 D = Time resting spent in this place.
 E = Time spent auto-exploring this place.
 F = Levels seen in this place.
 G = Mean time per level.
                   A        B        C        D        E       F      G
               +--------+--------+--------+--------+--------+-----+--------+
         Total |   4472 |   4233 |    239 |   1760 |    546 |   6 |  745.3 |
       Dungeon |   4397 |   4158 |    239 |   1752 |    546 |   4 | 1099.2 |
         Abyss |     16 |     16 |      0 |      0 |      0 |   1 |   16.0 |
         Sewer |     59 |     59 |      0 |      8 |      0 |   1 |   59.0 |
               +--------+--------+--------+--------+--------+-----+--------+

Top non-repeatable levels by time:
     D:2: 1833 daAuts
     D:1: 1570 daAuts
     D:3: 796 daAuts
     D:4: 196 daAuts
   Sewer: 59 daAuts
 Abyss:1: 16 daAuts
